[Event "Titled Tuesday Blitz May 10 Early 2022"]
[White "Barria Zuniga, Daniel"]
[Black "Jobava, Baadur"]
[WhiteFideId "3400816"]
[BlackFideId "13601520"]
[WhiteElo "2414"]
[BlackElo "2617"]
[Result "0-1"]
[Round "05"]
[TimeControl "180+1"]
[Date "2022.05.11"]
[WhiteClock "0:00:56"]
[BlackClock "0:01:12"]

1. c4 Nf6 2. Nc3 e6 3. g3 d5 4. Bg2 d4 5. Na4 e5 6. d3 Be7 7. Nf3 Nc6 8. O-O O-O 9. a3 a5 10. Bg5 Re8 11. Rb1 h6 12. Bxf6 Bxf6 13. b4 axb4 14. axb4 Ne7 15. b5 Nf5 16. Nd2 Be7 17. Qc2 h5 18. c5 h4 19. Ne4 hxg3 20. hxg3 Be6 21. Ra1 Bd5 22. c6 b6 23. Nb2 Rxa1 24. Rxa1 Bf8 25. Ra7 Bxe4 26. Bxe4 Nd6 27. Bd5 g6 28. Qb3 Kg7 29. Nc4 Nc8 30. Bxf7 Nxa7 31. Bxe8 Qxe8 32. Qa4 Nc8 33. Qa8 Kf6 34. Qb7 Qd8 35. f4 exf4 36. gxf4 Nd6 0-1


[Site "https://www.chess.com"]

[Event "Titled Tuesday Blitz May 10 Early 2022"]
[White "Bashirli, Saadat"]
[Black "Saldano Dayer, Horacio"]
[WhiteFideId "13429990"]
[BlackFideId "103411"]
[WhiteElo "1173"]
[BlackElo "2419"]
[Result "0-1"]
[Round "05"]
[TimeControl "180+1"]
[Date "2022.05.11"]
[WhiteClock "0:00:07"]
[BlackClock "0:00:16"]

1. e4 e6 2. d4 d5 3. Nc3 Bb4 4. Ne2 Nf6 5. e5 Ne4 6. Bd2 Nxd2 7. Qxd2 O-O 8. a3 Be7 9. g3 c5 10. Bg2 Nc6 11. O-O cxd4 12. Nxd4 Nxe5 13. Rae1 Nc4 14. Qc1 Bf6 15. Nb3 Bd7 16. Nd2 Bg5 17. f4 Qb6+ 18. Kh1 Nxd2 19. Qxd2 Bf6 20. f5 Qxb2 21. Ne2 Rac8 22. fxe6 fxe6 23. Qe3 Rxc2 24. Nf4 Bg5 25. Qf3 Bxf4 26. gxf4 d4 27. Qe4 Rxg2 28. Qxg2 Bc6 29. Rf3 Qxg2+ 30. Kxg2 Rxf4 31. Rxe6 Bxf3+ 32. Kg3 Rf8 33. Re7 Bc6 34. Re1 Rd8 35. Rd1 d3 36. Rd2 b5 37. Kf4 a5 38. Ke3 b4 39. axb4 axb4 40. Rb2 d2 41. Rxd2 Rxd2 42. Kxd2 Bd5 43. Kc2 g5 44. Kb2 h5 45. h4 gxh4 46. Kc2 h3 47. Kd3 h2 48. Kd4 h1=Q 49. Kc5 b3 50. Kb6 b2 51. Kc5 b1=Q 52. Kd6 Qb6+ 53. Ke5 Qe4# 0-1


[Site "https://www.chess.com"]

[Event "Titled Tuesday Blitz May 10 Early 2022"]
[White "Bellissimo, Joseph F."]
[Black "Stepanencu, Nicodim-Cosmin"]
[WhiteFideId "2609843"]
[BlackFideId "1256220"]
[WhiteElo "2061"]
[BlackElo "1945"]
[Result "0-1"]
[Round "05"]
[TimeControl "180+1"]
[Date "2022.05.11"]
[WhiteClock "0:00:13"]
[BlackClock "0:00:07"]

1. e4 d6 2. d4 Nf6 3. Nc3 g6 4. f4 Bg7 5. Be2 O-O 6. g4 e5 7. g5 Nfd7 8. dxe5 dxe5 9. f5 Re8 10. f6 Bf8 11. Be3 Nc5 12. Bc4 Qxd1+ 13. Rxd1 c6 14. Nf3 Bg4 15. O-O b5 16. Be2 b4 17. Nb1 Nxe4 18. Nbd2 Nd6 19. Kg2 Nf5 20. Bf2 e4 21. Nd4 Bxe2 22. Nxe2 e3 23. Bg1 exd2 24. Rxd2 Na6 25. Nf4 Nc5 26. Rfd1 Ne4 27. Rd7 Nxg5 28. Rc7 Ne6 29. Nxe6 Rxe6 30. Rxa7 Rxa7 31. Bxa7 Rxf6 32. Rd8 Rd6 33. Rc8 Kg7 34. Kf3 Be7 35. a4 bxa3 36. bxa3 h5 37. a4 Nd4+ 38. Ke4 Nxc2 39. a5 Nb4 40. Bd4+ Bf6 41. Bc5 Re6+ 42. Kf3 Na6 43. Bb6 Nb4 44. Bc5 Nd3 45. Bf8+ Kh7 46. a6 Bd4 47. Ba3 Re3+ 48. Kg2 Ne1+ 49. Kf1 Rxa3 50. Rxc6 Nf3 51. Ke2 Ne5 52. Rd6 Bc5 53. Rd5 Rxa6 54. Rxc5 Re6 55. Kf1 Kg7 56. Ra5 Kf6 57. Kg2 Ng4 58. Kg3 Ne3 59. h4 Nf5+ 60. Kh3 Re3+ 61. Kh2 Nxh4 62. Ra6+ Kg5 63. Ra5+ f5 64. Ra4 f4 65. Ra5+ Kg4 66. Ra2 g5 67. Rb2 Nf3+ 68. Kh1 h4 69. Kg2 h3+ 70. Kf2 Rd3 71. Rb8 Rd2+ 72. Kf1 h2 73. Rh8 Rd1+ 74. Kg2 Rg1+ 75. Kf2 h1=Q 76. Rxh1 Rxh1 77. Kg2 Rg1+ 78. Kf2 Ra1 79. Kg2 Ra2+ 80. Kf1 Nh2+ 81. Kg1 Kg3 82. Kh1 Ra1# 0-1


[Site "https://www.chess.com"]

[Event "Titled Tuesday Blitz May 10 Early 2022"]
[White "Bettalli, Francesco"]
[Black "De Souza, Cristiano Gomes"]
[WhiteFideId "2816453"]
[BlackFideId "2151758"]
[WhiteElo "2216"]
[BlackElo "2068"]
[Result "1-0"]
[Round "05"]
[TimeControl "180+1"]
[Date "2022.05.11"]
[WhiteClock "0:02:13"]
[BlackClock "0:02:04"]

1. d4 Nf6 2. Nc3 g6 3. e4 d6 4. Bf4 c6 5. Qd2 h6 6. O-O-O b5 7. e5 b4 8. exf6 bxc3 9. Qxc3 exf6 10. d5 cxd5 11. Re1+ Be6 12. Bb5+ Nd7 13. Nf3 Bg7 14. Nd4 f5 15. Bxd6 Qf6 16. Bxd7+ Kxd7 17. Qc6+ 1-0


[Site "https://www.chess.com"]

[Event "Titled Tuesday Blitz May 10 Early 2022"]
[White "Bifulco, Michel"]
[Black "Plotnikov, Pavel"]
[WhiteFideId "828580"]
[BlackFideId "4170342"]
[WhiteElo "2165"]
[BlackElo "2298"]
[Result "1-0"]
[Round "05"]
[TimeControl "180+1"]
[Date "2022.05.11"]
[WhiteClock "0:00:06"]
[BlackClock "0:00:15"]

1. d4 Nf6 2. Nc3 g6 3. e4 d6 4. Be3 Nbd7 5. Qd2 e5 6. O-O-O Bg7 7. f3 h5 8. Nge2 Qe7 9. h4 a6 10. Rg1 b5 11. Kb1 Nb6 12. dxe5 Nc4 13. Qc1 dxe5 14. Bg5 c6 15. f4 Bd7 16. f5 gxf5 17. Ng3 O-O-O 18. Nxf5 Bxf5 19. Bxc4 Rxd1 20. Rxd1 Bg4 21. Be2 Bxe2 22. Nxe2 Qe6 23. Qe3 Nd7 24. Qa7 c5 25. Nc3 f6 26. Be3 Qc6 27. Nd5 Re8 28. c4 b4 29. a3 bxa3 30. bxa3 Bf8 31. Rd2 Qb7+ 32. Qxb7+ Kxb7 33. Rb2+ Kc6 34. Kc1 Bd6 35. Kd2 Rg8 36. Kd3 Rf8 37. Rf2 Rb8 38. Kc3 Rg8 39. Nxf6 Nxf6 40. Rxf6 Rxg2 41. Rf5 Ra2 42. Rxh5 Rxa3+ 43. Kd2 Bc7 44. Rh6+ Kd7 45. Bxc5 Rh3 46. Rh7+ Kc6 47. Be3 Ba5+ 48. Kd3 Bb6 49. Rh6+ Kc7 50. Rxb6 a5 51. Ra6 Rxh4 52. Rxa5 Kd6 53. c5+ Kc6 54. Ra6+ Kb7 55. Re6 Rh5 56. Kc4 Rh3 57. Kd3 Rh1 58. Rxe5 Rd1+ 59. Kc4 Re1 60. Bd4 Kc6 61. Re6+ Kd7 62. Kd5 Kc7 63. Re7+ Kd8 64. Rh7 Rg1 65. Be5 Rg6 66. c6 Rg8 67. Ra7 Kc8 68. Ra8# 1-0


[Site "https://www.chess.com"]

[Event "Titled Tuesday Blitz May 10 Early 2022"]
[White "Bintang, Rasyid A. Hidayat"]
[Black "Agasarov, Benik"]
[WhiteFideId "7105355"]
[BlackFideId "13314823"]
[WhiteElo "2450"]
[BlackElo "2573"]
[Result "0-1"]
[Round "05"]
[TimeControl "180+1"]
[Date "2022.05.11"]
[WhiteClock "0:00:19"]
[BlackClock "0:00:20"]

1. d4 d5 2. Bf4 e6 3. e3 c5 4. Nd2 Bd6 5. Bg3 Nc6 6. c3 Nge7 7. Ngf3 Nf5 8. Bd3 Nxg3 9. hxg3 h6 10. g4 g6 11. Qc2 Qf6 12. g5 Qg7 13. gxh6 Rxh6 14. Rxh6 Qxh6 15. O-O-O cxd4 16. exd4 Bd7 17. Kb1 Rc8 18. Bb5 Kf8 19. Bxc6 Bxc6 20. Qc1 Kg7 21. Rh1 Qf4 22. g3 Qf5+ 23. Ka1 Qd3 24. Ng5 Kf6 25. Nh7+ Ke7 26. Nb3 Qf5 27. f4 Ba4 28. Ng5 Bxb3 29. axb3 Rc6 30. Qf1 Ra6+ 31. Qxa6 bxa6 32. Rh7 Kf8 33. Rxf7+ Qxf7 34. Nxf7 Kxf7 35. Kb1 Kf6 36. Kc2 a5 37. Kd3 Kf5 38. Ke3 Kg4 39. Kf2 a6 40. c4 Be7 41. c5 Bf6 42. c6 Bxd4+ 43. Ke2 Bb6 0-1


[Site "https://www.chess.com"]

[Event "Titled Tuesday Blitz May 10 Early 2022"]
[White "Bodnar, Nikolay"]
[Black "Fromm, Marius"]
[WhiteFideId "14106469"]
[BlackFideId "12993190"]
[WhiteElo "2296"]
[BlackElo "2569"]
[Result "1-0"]
[Round "05"]
[TimeControl "180+1"]
[Date "2022.05.11"]
[WhiteClock "0:01:03"]
[BlackClock "0:00:02"]

1. e4 c5 2. Nf3 d6 3. d4 cxd4 4. Nxd4 Nf6 5. Nc3 a6 6. f3 e5 7. Nb3 Be6 8. Be3 h5 9. Qd2 Nbd7 10. Nd5 Bxd5 11. exd5 g6 12. c4 Bg7 13. Be2 b6 14. O-O O-O 15. Rac1 Re8 16. Na1 e4 17. f4 Ng4 18. Bxg4 hxg4 19. b3 f5 20. Nc2 Nc5 21. Nb4 Qh4 22. g3 Qf6 23. Nc6 Nd3 24. Rcd1 b5 25. Bd4 Qf7 26. Qe3 bxc4 27. bxc4 Rac8 28. Rb1 Rc7 29. Rb3 Nc5 30. Rb6 Bxd4 31. Qxd4 Qg7 32. Qxg7+ Kxg7 33. Kf2 e3+ 34. Ke2 Re4 35. Rc1 Rb7 36. Rxb7+ Nxb7 37. Rc3 Nc5 38. Na5 Rd4 39. Rxe3 Ne4 40. Rd3 Rxd3 41. Kxd3 Kf6 42. Nb3 g5 43. Kd4 Nf2 44. fxg5+ Kxg5 45. c5 dxc5+ 46. Nxc5 Kf6 47. d6 a5 48. a4 1-0


[Site "https://www.chess.com"]

[Event "Titled Tuesday Blitz May 10 Early 2022"]
[White "Buscar, Michael"]
[Black "Tuleyeva-Aketayeva, Dana"]
[WhiteFideId "2603616"]
[BlackFideId "13701932"]
[WhiteElo "2010"]
[BlackElo "1875"]
[Result "1/2-1/2"]
[Round "05"]
[TimeControl "180+1"]
[Date "2022.05.11"]
[WhiteClock "0:00:28"]
[BlackClock "0:00:13"]

1. Nf3 Nf6 2. b3 g6 3. Bb2 Bg7 4. e4 d6 5. Bc4 O-O 6. Qe2 Nc6 7. O-O Bg4 8. h3 Bxf3 9. Qxf3 Ne5 10. Bxe5 dxe5 11. d3 c6 12. b4 Nd7 13. Nd2 b5 14. Bb3 a5 15. a3 Bh6 16. Qe2 Bxd2 17. Qxd2 a4 18. Ba2 Kg7 19. f4 Qb6+ 20. Kh1 f6 21. Be6 Qc7 22. Bxd7 Qxd7 23. fxe5 fxe5 24. Qg5 Qe6 25. h4 h6 26. Qg3 Rf6 27. Rf3 Raf8 28. Raf1 Rxf3 29. Rxf3 Rxf3 30. gxf3 Qf6 31. Kg2 Qf4 32. Qxf4 exf4 33. c4 e5 34. Kh3 Kf6 35. Kg4 h5+ 36. Kh3 Ke6 37. Kg2 Kd6 38. Kf2 Ke6 39. Ke2 Kd6 40. Kd2 Ke6 41. Kd1 Kd6 42. Ke1 Ke6 43. Kf2 Kd6 44. Kg2 Ke6 45. Kh3 Kf6 46. Kh2 Ke6 47. Kh1 Kf6 48. Kg1 Ke6 49. Kf1 Kf6 50. Ke1 g5 51. hxg5+ Kxg5 52. Kf2 Kh4 53. Kg2 Kg5 54. Kh3 Kg6 55. Kh4 Kh6 56. Kh3 Kg5 57. Kh2 Kh4 58. Kg2 Kg5 59. Kh2 Kh4 60. Kg2 1/2-1/2


[Site "https://www.chess.com"]

[Event "Titled Tuesday Blitz May 10 Early 2022"]
[White "Cagara, Paulina"]
[Black "Martin, Lewis"]
[WhiteFideId "1124870"]
[BlackFideId "410551"]
[WhiteElo "1800"]
[BlackElo "2145"]
[Result "0-1"]
[Round "05"]
[TimeControl "180+1"]
[Date "2022.05.11"]
[WhiteClock "0:00:23"]
[BlackClock "0:00:45"]

1. e4 c5 2. Nc3 Nc6 3. Bb5 Nd4 4. Bc4 a6 5. a4 e6 6. Nf3 g6 7. d3 Bg7 8. Nxd4 cxd4 9. Ne2 Ne7 10. O-O O-O 11. Bb3 d5 12. exd5 Nxd5 13. Bd2 e5 14. Ng3 Be6 15. Ne4 Rc8 16. Bg5 f6 17. Bh4 g5 18. Bg3 f5 19. Qh5 fxe4 20. dxe4 Nc7 21. h4 Bxb3 22. cxb3 Ne6 23. Rfc1 Qf6 24. Qg4 h6 25. b4 d3 26. Rd1 Rfd8 27. Ra3 d2 28. Rf3 Qe7 29. hxg5 Nxg5 30. Bh4 Nxf3+ 31. gxf3 Qf7 32. f4 Qxf4 33. Qe6+ Kh8 34. Bg3 Qf3 0-1


[Site "https://www.chess.com"]

[Event "Titled Tuesday Blitz May 10 Early 2022"]
[White "Carrasco Miranda, Andres"]
[Black "Silva, Mariana Sofia T."]
[WhiteFideId "3405990"]
[BlackFideId "1911899"]
[WhiteElo "2177"]
[BlackElo "1825"]
[Result "0-1"]
[Round "05"]
[TimeControl "180+1"]
[Date "2022.05.11"]
[WhiteClock "0:00:09"]
[BlackClock "0:00:10"]

1. d4 Nf6 2. c4 e6 3. g3 d5 4. Bg2 Be7 5. Nf3 O-O 6. O-O dxc4 7. Qc2 a6 8. a4 Bd7 9. Qxc4 Bc6 10. Bg5 Nbd7 11. a5 h6 12. Bxf6 Nxf6 13. Rd1 Bd5 14. Qc2 Be4 15. Qc1 Nd5 16. Nc3 Bxf3 17. Bxf3 Nxc3 18. bxc3 c6 19. Qb2 Qc7 20. Rdb1 Rab8 21. e3 e5 22. Be2 exd4 23. cxd4 Bd6 24. Bf3 Rfe8 25. Kg2 c5 26. dxc5 Be5 27. Qb6 Qxb6 28. cxb6 Bxa1 29. Rxa1 Re5 30. Ra4 Rb5 31. Be4 Rb2 32. Kf3 g5 33. h4 Kg7 34. hxg5 hxg5 35. Bd5 Kf6 36. e4 Ke7 37. Rc4 Rb5 38. Rc7+ Kd6 39. Rxf7 Rxa5 40. Bxb7 Rb5 41. Bxa6 R5xb6 42. Bc4 Ke5 43. Bd5 Rg6 44. Rf5+ Kd6 45. Kg4 Re8 46. f3 Rg7 47. Rf6+ Ke5 48. Rf4 gxf4+ 0-1


[Site "https://www.chess.com"]

[Event "Titled Tuesday Blitz May 10 Early 2022"]
[White "Ceres, Dragos"]
[Black "Martinez Alcantara, Jose Eduardo"]
[WhiteFideId "13905864"]
[BlackFideId "3805662"]
[WhiteElo "2150"]
[BlackElo "2690"]
[Result "0-1"]
[Round "05"]
[TimeControl "180+1"]
[Date "2022.05.11"]
[WhiteClock "0:00:06"]
[BlackClock "0:01:40"]

1. e4 c5 2. Nf3 d6 3. Bb5+ Nd7 4. O-O a6 5. Bd3 Ngf6 6. Re1 e6 7. c3 b5 8. Bc2 Bb7 9. d4 Be7 10. Nbd2 Rc8 11. Bd3 Qc7 12. Nf1 e5 13. d5 c4 14. Bc2 O-O 15. Ng3 g6 16. Bh6 Rfe8 17. Qd2 Ng4 18. h4 Nxh6 19. Qxh6 Bf8 20. Qg5 Be7 21. Qh6 Bf8 22. Qg5 h6 23. Qd2 h5 24. Re3 f6 25. Ree1 Kh7 26. Qe2 Bh6 27. Nh2 Rg8 28. Qf3 Rcf8 29. Nhf1 Nc5 30. b4 cxb3 31. axb3 Bc8 32. Qe2 Bg4 33. f3 Bc8 34. c4 b4 35. Ne3 Qb6 36. Ngf1 Kh8 37. Kh2 Bf4+ 38. g3 Bh6 39. Nd1 Qb7 40. Nf2 g5 41. hxg5 fxg5 42. Nd3 Nxd3 43. Bxd3 g4 44. fxg4 Bxg4 45. Qg2 Qb6 46. Ra2 h4 47. gxh4 Bf4+ 48. Kh1 Bf3 0-1


[Site "https://www.chess.com"]

[Event "Titled Tuesday Blitz May 10 Early 2022"]
[White "Cherniaiev, Tykhon"]
[Black "Sjugirov, Sanan"]
[WhiteFideId "14182360"]
[BlackFideId "4189302"]
[WhiteElo "2289"]
[BlackElo "2602"]
[Result "0-1"]
[Round "05"]
[TimeControl "180+1"]
[Date "2022.05.10"]
[WhiteClock "0:00:03"]
[BlackClock "0:00:05"]

1. Nf3 d5 2. c4 e6 3. d4 Nf6 4. g3 Bb4+ 5. Bd2 Be7 6. Bg2 c6 7. Qc2 b6 8. O-O O-O 9. b3 a5 10. Nc3 Ba6 11. cxd5 cxd5 12. Ne5 Nfd7 13. Nxd7 Qxd7 14. Rfd1 Nc6 15. Be1 Rfc8 16. e4 Nb4 17. Qb1 dxe4 18. Bxe4 g6 19. d5 Bf6 20. a3 Nxd5 21. Nxd5 exd5 22. Bxd5 Bb7 23. Bxb7 Qxb7 24. Ra2 Re8 25. Rad2 Re6 26. Rd6 Rae8 27. Rxe6 Rxe6 28. Qd3 Qc6 29. b4 a4 30. b5 Qe4 31. Bb4 Qxd3 32. Rxd3 Kg7 33. Rd7 h5 34. Ra7 Re5 35. Rxa4 Rxb5 36. Ra6 Bd4 37. Kg2 Re5 38. Kf1 Rf5 39. f4 g5 40. Bd2 gxf4 41. gxf4 Rb5 42. Ra4 Bc5 43. Ra7 Rb3 44. a4 Kg6 45. a5 b5 46. Rc7 Bd4 47. a6 Ra3 48. Rc6+ Kf5 49. Ke2 Ke4 50. h3 Ra2 51. Rd6 b4 52. Rc6 b3 53. Kd1 Ra1+ 54. Ke2 b2 55. Rb6 Bxb6 56. Bc3 b1=Q 57. Bb2 Qxb2# 0-1


[Site "https://www.chess.com"]

[Event "Titled Tuesday Blitz May 10 Early 2022"]
[White "Clarke, Brandon G I"]
[Black "Kadric, Denis"]
[WhiteFideId "400319"]
[BlackFideId "14403803"]
[WhiteElo "2414"]
[BlackElo "2657"]
[Result "1-0"]
[Round "05"]
[TimeControl "180+1"]
[Date "2022.05.10"]
[WhiteClock "0:02:26"]
[BlackClock "0:00:33"]

1. e4 d6 2. d4 Nf6 3. Nc3 e5 4. Nf3 Nbd7 5. Bc4 Be7 6. O-O O-O 7. a4 c6 8. Re1 h6 9. h3 Re8 10. Be3 exd4 11. Qxd4 Nf8 12. Rad1 Be6 13. Bf4 Bxc4 14. Qxc4 Qb6 15. Bxd6 Bxd6 16. Rxd6 Qxb2 17. e5 N6d7 18. Rb1 Qxc2 19. Rxb7 Re7 20. Qxc6 Nxe5 21. Nxe5 Qc1+ 22. Rd1 Qxd1+ 23. Nxd1 Rxe5 24. Ne3 1-0


[Site "https://www.chess.com"]

[Event "Titled Tuesday Blitz May 10 Early 2022"]
[White "Csonka, Balazs"]
[Black "Martin Carmona, Gaston Manuel"]
[WhiteFideId "742910"]
[BlackFideId "22284567"]
[WhiteElo "2404"]
[BlackElo "2162"]
[Result "1-0"]
[Round "05"]
[TimeControl "180+1"]
[Date "2022.05.11"]
[WhiteClock "0:00:03"]
[BlackClock "0:00:44"]

1. d4 Nf6 2. c4 e6 3. Nf3 d5 4. Nc3 c5 5. cxd5 Nxd5 6. e4 Nxc3 7. bxc3 cxd4 8. cxd4 Bb4+ 9. Bd2 Bxd2+ 10. Qxd2 O-O 11. Rc1 Nd7 12. Bd3 b6 13. O-O Bb7 14. Qf4 Rc8 15. Rxc8 Qxc8 16. Rc1 Qd8 17. Qc7 Qc8 18. Qf4 Qd8 19. Qc7 Qc8 20. e5 h6 21. Rc2 g5 22. Qd6 Qd8 23. Rc7 Bxf3 24. Rxd7 Qa8 25. gxf3 Qxf3 26. Qa3 Qd1+ 27. Bf1 Qg4+ 28. Qg3 Qd1 29. h4 Qd2 30. hxg5 hxg5 31. Bg2 Rc8 32. Bf3 Rc1+ 33. Kg2 Qe1 34. Qh2 Qf1+ 35. Kg3 Rc3 36. Rd8+ Kg7 37. Qh8+ Kg6 38. Qf6+ 1-0


[Site "https://www.chess.com"]

[Event "Titled Tuesday Blitz May 10 Early 2022"]
[White "Daneshvar, Bardiya"]
[Black "Harshavardhan G B"]
[WhiteFideId "12576468"]
[BlackFideId "25059009"]
[WhiteElo "2330"]
[BlackElo "1831"]
[Result "1-0"]
[Round "05"]
[TimeControl "180+1"]
[Date "2022.05.10"]
[WhiteClock "0:00:06"]
[BlackClock "0:00:06"]

1. b3 e5 2. Bb2 Nc6 3. c4 g6 4. g3 Bg7 5. Bg2 Nge7 6. Nc3 d6 7. e3 O-O 8. Nge2 f5 9. d3 Be6 10. Nd5 Kh8 11. Qd2 a5 12. O-O Qd7 13. f4 Rfe8 14. e4 Nd8 15. fxe5 dxe5 16. d4 a4 17. dxe5 c6 18. Nef4 fxe4 19. Rad1 cxd5 20. cxd5 Bg4 21. e6 Qd6 22. Bxg7+ Kxg7 23. Rde1 axb3 24. axb3 Bf3 25. Bxf3 exf3 26. Qc3+ Kg8 27. Qxf3 Nf5 28. g4 Nd4 29. Qe4 Qb6 30. Kh1 Nxb3 31. Nxg6 Qd4 32. Qf5 Qg7 33. Ne5 Nd4 34. Qe4 Ra4 35. Nd7 Kh8 36. e7 Nf7 37. Nf6 Nd6 38. Nxe8 Nxe8 39. Rf8+ Qg8 40. Rxg8+ Kxg8 41. Qe5 Nf3 42. Qb8 Nxe1 43. Qxe8+ Kg7 44. Qf8+ Kg6 45. e8=Q+ Kg5 46. Qh5# 1-0


[Site "https://www.chess.com"]

[Event "Titled Tuesday Blitz May 10 Early 2022"]
[White "Dardha, Daniel"]
[Black "Donchenko, Alexander"]
[WhiteFideId "240990"]
[BlackFideId "24603295"]
[WhiteElo "2482"]
[BlackElo "2572"]
[Result "1-0"]
[Round "05"]
[TimeControl "180+1"]
[Date "2022.05.10"]
[WhiteClock "0:00:04"]
[BlackClock "0:00:02"]

1. e4 c6 2. d3 d5 3. Nf3 dxe4 4. dxe4 Qxd1+ 5. Kxd1 Nf6 6. Nfd2 h5 7. a4 h4 8. h3 g5 9. Nc3 Nbd7 10. Nf3 g4 11. hxg4 Nxg4 12. Ke1 Bg7 13. Rxh4 Rxh4 14. Nxh4 Nc5 15. f3 Bf6 16. g3 Ne5 17. Be2 Bh3 18. Be3 Ned7 19. a5 O-O-O 20. Kf2 Rg8 21. Nf5 Bxf5 22. exf5 Be5 23. Rg1 e6 24. fxe6 Nxe6 25. f4 Bd4 26. Bd3 Nf6 27. Bf5 Bxe3+ 28. Kxe3 Re8 29. Kf3 Kc7 30. Bxe6 Rxe6 31. g4 Rd6 32. g5 Nd7 33. Rd1 f5 34. Rxd6 Kxd6 35. Ne2 c5 36. Ng3 Ke6 37. Ke3 Nf8 38. Kd3 Ng6 39. Nh5 Kd5 40. b3 b5 41. c4+ bxc4+ 42. bxc4+ Kd6 43. Ke3 a6 44. Ng7 Ne7 45. Kf3 Kc7 46. Kg3 Kd7 47. Kh4 Ng6+ 48. Kh5 Nxf4+ 49. Kh6 Kd6 50. Nxf5+ Ke5 51. Ng3 Ne6 52. g6 Kd4 53. Ne2+ Ke3 54. Nc3 Kd4 55. Nd5 Kxc4 56. Nc7 Nd4 57. Kh5 Nf5 58. Ne6 Kd5 59. Nc7+ Kc6 60. Nxa6 Kb5 61. Nc7+ Kxa5 62. Kg5 Ne7 63. g7 c4 64. Nd5 Nxd5 65. g8=Q Nb6 66. Kf4 Kb4 67. Qb8 Kc5 68. Ke3 Nd5+ 69. Kd2 Kd4 70. Qg3 c3+ 71. Kc1 Ne3 72. Qg7+ Kd3 73. Qg6+ Kd4 74. Qb1 Nc4 75. Qb4 Kd3 76. Qb5 Kd4 77. Qd7+ Ke4 78. Kc2 Ne3+ 79. Kxc3 Nd5+ 80. Kd2 Nf4 81. Qc6+ Kd4 82. Qf3 Nd5 83. Qg4+ Ke5 84. Kd3 Nf4+ 85. Ke3 Nd5+ 86. Kf3 Nf6 87. Qg5+ Ke6 88. Kf4 Nd5+ 89. Ke4 Nf6+ 90. Kd4 Nd7 91. Qg4+ Kd6 92. Qg6+ Ke7 93. Kd5 Nf6+ 94. Ke5 Nd7+ 95. Kf5 Nc5 96. Qc6 Nd7 97. Qc7 Ke8 98. Ke6 Nf8+ 99. Kd6 Ng6 100. Qg7 Kd8 101. Qd7# 1-0


[Site "https://www.chess.com"]

[Event "Titled Tuesday Blitz May 10 Early 2022"]
[White "De Arruda, Leandro Formes"]
[Black "Mica, Marek"]
[WhiteFideId "22722009"]
[BlackFideId "382884"]
[WhiteElo "1852"]
[BlackElo "2100"]
[Result "0-1"]
[Round "05"]
[TimeControl "180+1"]
[Date "2022.05.11"]
[WhiteClock "0:00:02"]
[BlackClock "0:00:20"]

1. d4 d5 2. e3 Nf6 3. Nf3 e6 4. Bd3 b6 5. Nbd2 Bb7 6. O-O Bd6 7. Ne5 O-O 8. b3 a6 9. Bb2 c5 10. Qe2 Qe7 11. a4 Rd8 12. Rac1 Nbd7 13. c4 cxd4 14. exd4 dxc4 15. Ndxc4 Bd5 16. f4 Bb4 17. g4 b5 18. Ne3 Bxb3 19. g5 Nd5 20. axb5 axb5 21. Nc6 Qd6 22. Nxd8 Rxd8 23. Ng2 N7b6 24. Bxb5 Ba3 25. Rb1 Bxb2 26. Rxb2 Ba4 27. Bxa4 Nxa4 28. Rb7 Nac3 29. Qd3 g6 30. Ra1 Rb8 31. Raa7 Rxb7 32. Rxb7 Qc6 33. Rb8+ Kg7 34. Qh3 h5 35. gxh6+ Kh7 36. Qh4 Ne2+ 37. Kf2 Qc2 38. Qd8 Nexf4+ 39. Ke1 Qe2# 0-1


[Site "https://www.chess.com"]

[Event "Titled Tuesday Blitz May 10 Early 2022"]
[White "Demin, Vladimir"]
[Black "Kazakouski, Valery"]
[WhiteFideId "4167457"]
[BlackFideId "13507443"]
[WhiteElo "2457"]
[BlackElo "2524"]
[Result "0-1"]
[Round "05"]
[TimeControl "180+1"]
[Date "2022.05.11"]
[WhiteClock "0:00:01"]
[BlackClock "0:01:17"]

1. d4 Nf6 2. g4 d5 3. g5 Ne4 4. f3 Nd6 5. Nc3 Nf5 6. Bh3 c5 7. dxc5 d4 8. e4 dxe3 9. Qxd8+ Kxd8 10. Nd5 Na6 11. Bxf5 Bxf5 12. Bxe3 e6 13. Nc3 Bxc2 14. Rc1 Bf5 15. Nb5 Nb4 16. Rd1+ Kc8 17. Nd6+ Bxd6 18. cxd6 Kd7 19. Ne2 Rac8 20. Nc3 Nc2+ 21. Kf2 Nxe3 22. Kxe3 Rc6 23. Rd2 Rxd6 24. Rxd6+ Kxd6 25. Rd1+ Kc6 26. Kf4 h6 27. h4 hxg5+ 28. hxg5 Rh2 29. b4 Rc2 30. Ne4 Rc4 31. b5+ Kc7 32. Ke5 Bxe4 33. fxe4 Rc5+ 34. Kf4 Rxb5 35. Rh1 f6 36. gxf6 gxf6 37. Rh7+ Kd6 38. Rf7 Rb2 39. Rf8 Ke7 0-1


[Site "https://www.chess.com"]

[Event "Titled Tuesday Blitz May 10 Early 2022"]
[White "Derraugh, Geordie"]
[Black "Priyanka, K"]
[WhiteFideId "2603950"]
[BlackFideId "5082986"]
[WhiteElo "2116"]
[BlackElo "1905"]
[Result "0-1"]
[Round "05"]
[TimeControl "180+1"]
[Date "2022.05.11"]
[WhiteClock "0:00:21"]
[BlackClock "0:00:51"]

1. e4 c5 2. c3 Nf6 3. e5 Nd5 4. d4 cxd4 5. cxd4 e6 6. Nc3 Nxc3 7. bxc3 Nc6 8. Bd3 d6 9. exd6 Bxd6 10. Nf3 b6 11. O-O Bb7 12. Re1 Ne7 13. Ng5 h6 14. Nxe6 fxe6 15. Qh5+ Kd7 16. Qh3 Qg8 17. c4 g5 18. d5 g4 19. dxe6+ Qxe6 20. Rxe6 gxh3 21. Rxh6 Rxh6 22. Bxh6 Bxg2 23. Bf1 Rg8 24. Bxg2 Rxg2+ 25. Kf1 Rxh2 26. Ke2 Nf5 27. Bg5 Rg2 28. Bf6 h2 0-1


[Site "https://www.chess.com"]

[Event "Titled Tuesday Blitz May 10 Early 2022"]
[White "Wagner, Dinara"]
[Black "Panesar Vedant"]
[WhiteFideId "24157570"]
[BlackFideId "35033018"]
[WhiteElo "2216"]
[BlackElo "1975"]
[Result "0-1"]
[Round "05"]
[TimeControl "180+1"]
[Date "2022.05.11"]
[WhiteClock "0:00:58"]
[BlackClock "0:00:59"]

1. d4 Nf6 2. c4 e6 3. Nf3 d5 4. g3 Be7 5. Bg2 O-O 6. O-O dxc4 7. Qc2 a6 8. a4 Bd7 9. Qxc4 Bc6 10. Bg5 Bd5 11. Qc2 Be4 12. Qc1 h6 13. Bxf6 Bxf6 14. Nc3 Bxf3 15. Bxf3 c6 16. e3 a5 17. h4 Na6 18. Qc2 Nb4 19. Qe2 Qe7 20. h5 Rad8 21. Rfd1 Qc7 22. Ne4 Be7 23. Rac1 Qb6 24. Nc5 Bxc5 25. Rxc5 Na6 26. Rcc1 Rd7 27. Be4 Nb4 28. Bb1 Rfd8 29. Qf3 Kf8 30. Kg2 Nd5 31. Qe4 Qxb2 32. Bd3 Nc3 33. Qh7 Nxd1 34. Rxd1 Qb3 35. Rd2 Qd5+ 36. Be4 Qxh5 37. Qxg7+ Kxg7 0-1


[Site "https://www.chess.com"]

[Event "Titled Tuesday Blitz May 10 Early 2022"]
[White "Dubov, Daniil"]
[Black "Starozhilov, Leonid"]
[WhiteFideId "24126055"]
[BlackFideId "14106752"]
[WhiteElo "2791"]
[BlackElo "2414"]
[Result "1-0"]
[Round "05"]
[TimeControl "180+1"]
[Date "2022.05.10"]
[WhiteClock "0:00:26"]
[BlackClock "0:00:07"]

1. e4 Nc6 2. Nc3 d6 3. d4 Nf6 4. Nf3 g6 5. Be2 Bg7 6. O-O Bg4 7. Be3 O-O 8. h3 Bxf3 9. Bxf3 e5 10. dxe5 dxe5 11. Qxd8 Raxd8 12. Be2 Nd4 13. Bd3 c6 14. Rfd1 Rd7 15. Rd2 Rfd8 16. Rad1 b5 17. Kf1 a5 18. a4 b4 19. Ne2 Bf8 20. Bg5 Be7 21. Nxd4 Rxd4 22. Be3 R4d7 23. Ke2 Rb8 24. Bc4 Rc7 25. f4 Nxe4 26. Rd7 Rbb7 27. Rxc7 Rxc7 28. fxe5 Bc5 29. Bf4 Re7 30. Kf3 Nf2 31. Rd2 Kg7 32. Rxf2 Bxf2 33. Kxf2 f6 34. e6 1-0


[Site "https://www.chess.com"]